Map: Dusk Towers

Players

BigNoob

  • Race: Protoss Protoss
  • League: Master

Miszu - Winner!

  • Race: Protoss Protoss
  • League: Master

VOD

Have the link to the VOD?

Description

Time

  • Played on: June 27, 2016, 10:42 a.m.
  • Length: 5:48
Show
View Real Time Build Order
Export as new Build Order

BigNoob Protoss 

Build Orders:  

Get SALT Encoding   

  12  0:01  Probe (Chrono Boost)  
  13  0:11  Probe (Chrono Boost)  
  14  0:18  Pylon  
  14  0:22  Probe (Chrono Boost)  
  15  0:36  Probe (Chrono Boost)  
  15  0:39  Gateway  
  16  0:46  Probe (Chrono Boost)  
  16  0:48  Assimilator  
  17  0:58  Probe (Chrono Boost)  
  17  1:02  Assimilator  
  18  1:09  Probe (Chrono Boost)  
  19  1:12  Gateway  
  19  1:18  Pylon  
  20  1:28  Cybernetics Core  
  20  1:32  Probe (Chrono Boost)  
  20  1:43  Probe (Chrono Boost)  
  21  1:48  Pylon  
  21  1:53  Probe (Chrono Boost)  
  22  2:06  Stalker x2, Warp Gate (Chrono Boost)  
  26  2:16  Probe  
  27  2:36  Stalker x2  
  31  2:38  Pylon  
  31  2:55  Robotics Facility  
  31  3:01  Mothership Core  
  33  3:09  Stalker  
  35  3:13  Stalker  
  35  3:26  Probe (Chrono Boost)  
  33  3:38  Probe (Chrono Boost)  
  33  3:40  Gateway  
  34  3:43  Observer (Chrono Boost)  
  35  3:49  Probe  
  36  4:00  Twilight Council  
  36  4:09  Pylon  
  36  4:16  Probe  
  37  4:22  Stalker  
  39  4:28  Probe  
  40  4:40  Probe  
  41  4:51  Pylon  
  41  4:54  Pylon  
  41  4:58  Pylon  
  41  5:12  Stalker x2  
  45  5:23  Pylon  
  44  5:35  Probe  
  45  5:41  Stalker x2  
Show
View Real Time Build Order
Export as new Build Order

Miszu Protoss - Winner!

Build Orders:  

Get SALT Encoding   

  12  0:01  Probe (Chrono Boost)  
  13  0:11  Probe (Chrono Boost)  
  14  0:17  Pylon  
  14  0:22  Probe (Chrono Boost)  
  15  0:35  Probe (Chrono Boost)  
  16  0:37  Gateway  
  16  0:45  Probe (Chrono Boost)  
  16  0:47  Assimilator  
  17  0:56  Probe (Chrono Boost)  
  18  0:57  Pylon  
  18  1:07  Probe (Chrono Boost)  
  19  1:17  Gateway, Probe (Chrono Boost)  
  20  1:23  Cybernetics Core  
  20  1:28  Probe (Chrono Boost)  
  20  1:31  Assimilator  
  21  1:38  Probe (Chrono Boost)  
  22  1:42  Pylon  
  22  1:51  Probe (Chrono Boost)  
  23  2:00  Warp Gate (Chrono Boost)  
  23  2:03  Adept  
  23  2:04  Adept  
  27  2:11  Mothership Core  
  29  2:26  Pylon  
  29  2:33  Stalker (Chrono Boost)  
  31  2:45  Stalker (Chrono Boost)  
  31  2:46  Gateway  
  31  2:48  Probe  
  36  3:07  Stalker (Chrono Boost)  
  36  3:11  Stalker (Chrono Boost)  
  38  3:26  Probe  
  39  3:48  Pylon  
  39  3:56  Nexus  
  39  4:02  Robotics Facility  
  35  4:03  Sentry  
  35  4:09  Probe (Chrono Boost)  
  38  4:11  Twilight Council  
  38  4:17  Sentry  
  38  4:20  Zealot  
  38  4:21  Probe (Chrono Boost)  
  43  4:31  Probe (Chrono Boost)  
  43  4:34  Pylon  
  44  4:39  Zealot  
  50  4:52  Immortal (Chrono Boost)  
  50  5:01  Stalker  
  51  5:08  Probe  
  51  5:10  Probe  
  53  5:22  Probe  
Tags
 
Matchup
PvP
Player
Miszu
Add a new tag
Caveats
  • Supply blocks, unpowered buildings, or Contaminate may cause inaccurate times.
  • Supply counts are checked every 10 seconds.